 Dungeon Crawl Stone Soup version 0.27-a0-1374-gc14e5d3922 (webtiles) character file.

Game seed: 12166753698932873389

193 Lentor the Chopper (level 5, -6/47 HPs)
             Began as a Minotaur Berserker on June 29, 2021.
             Was a Believer of Trog.
             Killed by divine providence
             ... invoked by an orc priest
              (15 damage)
             ... on level 4 of the Dungeon.
             The game lasted 00:05:42 (3985 turns).

Lentor the Chopper (Minotaur Berserker)             Turns: 3985, Time: 00:05:43

Health: -6/47      AC: 10    Str: 23    XL:     5   Next: 44%
Magic:  4/4        EV:  8    Int:  4    God:    Trog [**....]
Gold:   145        SH:  7    Dex:  9    Spells: 4/4 levels left

rFire    . . .     SeeInvis +   a - +0 hand axe
rCold    . . .     Faith    .   q - +0 kite shield
rNeg     . . .     Spirit   .   s - +4 ring mail of Seobbo {SInv}
rPois    .         Reflect  .   (helmet restricted)
rElec    .         Harm     .   (no cloak)
rCorr    .         Rampage  .   o - +0 pair of gloves
Will     .....                  (no boots)
Stlth    +.........             (no amulet)
HPRegen  0.15/turn              (no ring)
MPRegen  0.09/turn              (no ring)

@: no status effects
A: horns 2, retaliatory headbutt
a: Renounce Religion, Berserk, Trog's Hand


You were on level 4 of the Dungeon.
You worshipped Trog.
Trog was pleased with you.
You visited 2 branches of the dungeon, and saw 5 of its levels.

You collected 211 gold pieces.
You spent 66 gold pieces at shops.

Inventory:

Hand Weapons
 a - a +0 hand axe (weapon)
Missiles
 f - 106 stones
Armour
 o - a +0 pair of gloves (worn)
 q - a +0 kite shield (worn)
 s - the +4 ring mail of Seobbo (worn) {SInv}
   (You found it on level 4 of the Dungeon)

   SInv:      It lets you see invisible.
Jewellery
 l - an amulet of regeneration
Scrolls
 b - a scroll of vulnerability {unknown}
 d - 2 scrolls of enchant armour {unknown}
 e - 2 scrolls of magic mapping {unknown}
 g - a scroll of immolation {unknown}
 i - 4 scrolls of identify {unknown}
 k - a scroll of amnesia {unknown}
 p - 3 scrolls of noise {unknown}
 t - a scroll of teleportation {unknown}
Potions
 c - a potion of might {unknown}
 h - 2 potions of flight {unknown}
 j - a potion of resistance {unknown}
 m - 2 potions of attraction {unknown}
 n - a potion of heal wounds {unknown}
 r - a potion of curing {unknown}


   Skills:
 + Level 4.8 Fighting
 + Level 5.3 Axes
 + Level 3.6 Armour
 + Level 3.1 Dodging
 + Level 0.7 Stealth
 * Level 0.6 Shields


You had 4 spell levels left.
You didn't know any spells.
Your spell library was empty.

Dungeon Overview and Level Annotations

Branches:
Dungeon (4/15)             Temple (1/1) D:4

Altars:
Ashenzari
Cheibriados
Dithmenos
Fedhas
Gozag
Hepliaklqana
Okawaru
Qazlal
Sif Muna
Uskayaw
Xom
Zin
Beogh

Shops:
D:2 !   D:3 [


Innate Abilities, Weirdness & Mutations

You have a pair of horns on your head.
You reflexively headbutt those who attack you in melee.


Message History

You hear a shout!
Found a ring mail.
An orc comes into view. It is wielding a +0 falchion.
The orc shouts!
The orc hits you with a +0 mace.
You barely miss the orc. The orc hits you but does no damage.
A shadow imp comes into view.
The orc hits you but does no damage.
You slash the orc!
You kill the orc!
Trog accepts your kill.
You hit the orc.
An ogre comes into view. It is wielding a +0 giant spiked club.
You block the orc's attack.
You slash the orc!
You kill the orc!
Trog accepts your kill.
The orc priest begins to cast a cantrip, but forgets the words!
The orc priest mumbles some strange prayers to Beogh against you.
Pain shoots through your body!
Found a bubbling silvery potion.
You see here a +0 whip.
You hit the orc priest but do no damage.
Your headbutt misses the orc priest. You hit the orc but do no damage.
You block the orc's attack.
The orc priest calls down the wrath of Beogh upon you.
Beogh smites you! The orc completely misses you. You furiously retaliate!
You headbutt the orc. You block the orc priest's attack.
You are too injured to fight recklessly!
The shadow imp laughs crazily.
You hit the orc but do no damage. Your headbutt misses the orc.
The orc is almost dead.
The orc priest looks satisfied for a moment.
The shadow imp shouts, "Scamper hence, thou foisting half-faced wastrel!"
The orc priest mumbles some strange prayers to Beogh against you.
Beogh smites you!
* * * LOW HITPOINT WARNING * * *
The orc priest mumbles some strange prayers to Beogh against something.
Beogh smites you!
You die...

#.8.# #.
#...# #.
###.###
#8...8#
#.....#
#..>..#
#.....#
#8...8#
###@###
#...# #
#.8.# ..
#...# ...
##o## ...!
#o.#
##[....
#.##
###.......
#5# #)).#
#O####O###


You could see an orc priest, a shadow imp and an orc.

Vanquished Creatures
  A jelly (D:4)
  A hound (D:2)
  6 adders
  A worm (D:2)
  2 dart slugs
  2 orcs (D:4)
  5 bats
  7 endoplasms
  5 giant cockroaches
  7 hobgoblins
  7 jackals
  2 quokkas
  4 ball pythons (D:1)
  2 frilled lizards
  6 goblins
  4 kobolds
  8 rats
70 creatures vanquished.

Vanquished Creatures (others)
  A giant cockroach (D:3)
  A bat (D:3)
2 creatures vanquished.

Grand Total: 72 creatures vanquished

Notes
Turn   | Place    | Note
-------+----------+-------------------------------------------
     0 | D:1      | Lentor the Minotaur Berserker began the quest for the Orb.
     0 | D:1      | Reached XP level 1. HP: 19/19 MP: 0/0
   381 | D:1      | Reached skill level 4 in Axes
   399 | D:1      | Reached XP level 2. HP: 27/27 MP: 1/1
   614 | D:1      | Found a faded altar of an unknown god.
  1149 | D:2      | Reached XP level 3. HP: 31/33 MP: 2/2
  1693 | D:2      | Found Ylutwul's Distillery.
  1706 | D:2      | Bought a potion of degeneration for 12 gold pieces
  1802 | D:2      | Reached XP level 4. HP: 38/41 MP: 3/3
  1979 | D:2      | Reached ** piety under Trog
  2499 | D:3      | Reached skill level 5 in Axes
  2762 | D:3      | Reached XP level 5. HP: 42/47 MP: 4/4
  2836 | D:3      | Found Tueraa's Armour Shop.
  2844 | D:3      | Bought a +0 kite shield for 54 gold pieces
  3275 | D:4      | Identified the +4 ring mail of Seobbo {SInv}
  3437 | D:4      | Found a staircase to the Ecumenical Temple.
  3447 | Temple   | Entered the Ecumenical Temple
  3967 | D:4      | Noticed an ogre
  3985 | D:4      | Killed from afar by an orc priest

Illustrated notes

Levels and vault maps discovered:
D:1:      dpeg_arrival_three_same_balls, layout_basic,
          hellmonk_ecumenical_altar_defaced_shrine, minmay_split_cup_large
D:2:      layout_basic, serial_shops, nicolae_square_shop,
          kennysheep_generic_room_9
D:3:      layout_basic, serial_shops, shop_fountains, lemuel_old_faithful
D:4:      layout_rooms, minmay_temple_entry_antechambers, moated_statue
Temple:   minmay_temple_forest_path

Skill      XL: |  1  2  3  4 |
---------------+-------------+-----
Axes           | 4 5 |  5.3
Fighting       | 4 |  4.8
Armour         | 3 |  3.6
Dodging        | 3 |  3.1
Stealth        | |  0.7
Shields        | |  0.6

Action                   |  1- 3 |  4- 6 || total
-------------------------+-------+-------++-------
Melee: Hand axe          |    66 |    53 ||   119
       Headbutt          |    11 |    10 ||    21
 Stab: Sleeping          |     1 |       ||     1
Armor: Animal skin       |     4 |       ||     4
       Ring mail         |    14 |    15 ||    29
Dodge: Dodged            |    45 |    27 ||    72
Block: Kite shield       |       |     8 ||     8

Table legend: (Time is in decaauts)
 A = Elapsed time spent in this place.
 B = Non-inter-level travel time spent in this place.
 C = Inter-level travel time spent in this place.
 D = Time resting spent in this place.
 E = Time spent auto-exploring this place.
 F = Levels seen in this place.
 G = Mean time per level.
                   A        B        C        D        E       F      G
               +--------+--------+--------+--------+--------+-----+--------+
         Total |   3996 |   3855 |    141 |      0 |   3468 |   5 |  799.2 |
       Dungeon |   3496 |   3399 |     97 |      0 |   3012 |   4 |  874.0 |
        Temple |    500 |    456 |     44 |      0 |    456 |   1 |  500.0 |
               +--------+--------+--------+--------+--------+-----+--------+

Top non-repeatable levels by time:
     D:2: 1252 daAuts
     D:1: 1144 daAuts
     D:3: 800 daAuts
  Temple: 500 daAuts
     D:4: 298 daAuts
